 Dungeon Crawl Stone Soup version 0.30-a0-634-g8abc85282e (webtiles) character file.

Game seed: 7760096945946915172

4 kingofthe the Caller (level 1, -2/10 HPs)
             Began as a Deep Elf Summoner on Jan 14, 2023.
             Slain by a quokka (3 damage)
             ... on level 1 of the Dungeon.
             The game lasted 00:01:15 (117 turns).

kingofthe the Caller (Deep Elf Summoner)             Turns: 117, Time: 00:01:16

Health: -2/10      AC:  2    Str:  5    XL:     1   Next: 50%
Magic:  5/6        EV: 12    Int: 19    God:
Gold:   12         SH:  0    Dex: 15    Spells: 5/6 levels left

rFire   . . .      SeeInvis .    c - +0 dagger
rCold   . . .      Faith    .    (no shield)
rNeg    . . .      Spirit   .    a - +0 robe
rPois   .          Reflect  .    (no helmet)
rElec   .          Harm     .    (no cloak)
rCorr   .          Rampage  .    (no gloves)
Will    .....                    (no boots)
Stlth   ++                       (no amulet)
HPRegen 0.21/turn                (no ring)
MPRegen 0.10/turn                (no ring)

@: no status effects
A: no striking features
a: no special abilities


You were on level 1 of the Dungeon.
You visited 1 branch of the dungeon, and saw 1 of its levels.

You collected 12 gold pieces.

Inventory:

Hand Weapons
 c - a +0 dagger (weapon)
Armour
 a - a +0 robe (worn)
Potions
 b - a potion of magic
 d - 2 potions of brilliance {unknown}


   Skills:
 * Level 2.5 Dodging
 + Level 2.4 Stealth
 + Level 3.0 Spellcasting
 + Level 4.5 Summonings


You had 5 spell levels left.
You knew the following spells:

 Your Spells              Type           Power      Damage    Failure   Level
a - Summon Small Mammal   Summ           80%        N/A       2%          1

Your spell library contained the following spells:

 Spells                   Type           Power      Damage    Failure   Level
 Call Imp                 Summ           20%        N/A       3%          2
 Call Canine Familiar     Summ           20%        N/A       7%          3
 Summon Guardian Golem    Hex/Summ       11%        N/A       19%         3
 Ensorcelled Hibernation  Hex/Ice        4%         N/A       22%         2
 Spider Form              Tmut/Pois      2%         N/A       41%         3
 Summon Lightning Spire   Summ/Air       11%        N/A       52%         4
 Anguish                  Hex/Necr       1%         N/A       83%         4


Dungeon Overview and Level Annotations

Branches:
Dungeon (1/15)

Altars:


Message History

The hobgoblin hits your quokka.
Your quokka bites the hobgoblin.
The hobgoblin hits your quokka.
Your quokka bites the hobgoblin.
The hobgoblin dies!
Things that are here:
a +0 dagger; a goblin corpse You see here a hobgoblin corpse.
Things that are here:
a +0 dagger; a goblin corpse
c - a +0 dagger
Okay, then.
c - a +0 dagger (weapon)
Your quokka disappears in a puff of smoke!
Found an escape hatch in the floor.
Found a robe.
You now have 12 gold pieces.
d - 2 bubbling grey potions
There is an escape hatch in the floor here.
A quokka comes into view.
Found a cloak.
Casting: Summon Small Mammal (safe; 2% risk of failure)
Confirm with . or Enter, or press ? or * to list all spells.
You swap places.
Your rat closely misses the quokka.
The quokka bites your rat.
Your rat barely misses the quokka.
The quokka bites your rat.
Your rat dies!
Your rat's corpse disappears in a puff of smoke!
Casting: Summon Small Mammal (safe; 2% risk of failure)
Confirm with . or Enter, or press ? or * to list all spells.
The quokka misses you.
You hit the quokka but do no damage.
Your bat barely misses the quokka.
The quokka bites you.
You barely miss the quokka. The quokka bites you.
Your bat closely misses the quokka.
You hit the quokka.
The quokka is lightly wounded.
Your bat closely misses the quokka.
The quokka bites you.
* * * LOW HITPOINT WARNING * * *
The quokka bites you.
You die...

.....###..#
..........#
##..†.....#
#..†.....#
#..####..### #..#
#..#.## ##..#
#.....##### ....#
#..###....#
....####..##.###@###
........).#.## #.r.#
#.........### #.#.#
#.........# #.#.#
#..#####..# #....
#..# #..# #.....
...# #..# .......
...# #..# ##...#...
...# #..# #........


You could see a quokka.

Vanquished Creatures (collateral kills)
  A goblin (D:1)
  2 hobgoblins (D:1)
3 creatures vanquished.

Notes
Turn   | Place    | Note
-------+----------+-------------------------------------------
     0 | D:1      | kingofthe the Deep Elf Summoner began the quest for the
                  | Orb.
     0 | D:1      | Reached XP level 1. HP: 10/10 MP: 6/6
   117 | D:1      | Slain by a quokka

Illustrated notes

Levels and vault maps discovered:
D:1:      dpeg_arrival_boxorama, layout_loops_cross, serial_shops, shop,
          skrybe_limestone_x, roderic_filled_cross

Action                   || total
-------------------------++-------
Melee: Dagger            ||     3
       Unarmed           ||     1
 Cast: Summon Small Mamm ||     4
Armor: Robe              ||     1
Dodge: Dodged            ||     4

Table legend: (Time is in decaauts)
 A = Elapsed time spent in this place.
 B = Non-inter-level travel time spent in this place.
 C = Inter-level travel time spent in this place.
 D = Time resting spent in this place.
 E = Time spent auto-exploring this place.
 F = Levels seen in this place.
 G = Mean time per level.
                   A        B        C        D        E       F      G
               +--------+--------+--------+--------+--------+-----+--------+
         Total |    116 |    116 |      0 |      0 |     71 |   1 |  116.0 |
       Dungeon |    116 |    116 |      0 |      0 |     71 |   1 |  116.0 |
               +--------+--------+--------+--------+--------+-----+--------+

Top non-repeatable levels by time:
     D:1: 116 daAuts
